| TOP OF THE 1ST |
|
Brockton Rox batting - Pitching for Niagara Falls Phantoms : LHP Allen Reisinger
|
|
Pitching: LHP Allen Reisinger
|
|
|
Batting: LHB Darby Starburster
|
0-0: Called Strike 0-1: Ball 1-1: Fly out, F7 (Flyball, 7, EV 89.4 MPH)
|
|
Batting: RHB Ryan Davis
|
0-0: Ball 1-0: Called Strike 1-1: Ball 2-1: Called Strike 2-2: Foul Ball, location: 2F 2-2: Fly out, F7 (Flyball, 7LD, EV 107.5 MPH)
|
|
Batting: RHB Bob Reichley
|
0-0: Called Strike 0-1: Ball 1-1: Hit by Pitch
|
|
Batting: LHB Eric Gaugler
|
0-0: Ball 1-0: Swinging Strike 1-1: Ball 2-1: Ball 3-1: Foul Ball, location: 2F 3-2: Strikes out swinging
|
| Top of the 1st over - 0 runs, 0 hits, 0 errors, 1 left on base; Brockton 0 - Niagara Falls 0 |
| BOTTOM OF THE 1ST |
|
Niagara Falls Phantoms batting - Pitching for Brockton Rox : RHP Mitsuharu Yoshimoto
|
|
Pitching: RHP Mitsuharu Yoshimoto
|
|
|
Batting: RHB Alfredo Mendez
|
0-0: Ball 1-0: Ball 2-0: Ball 3-0: Called Strike 3-1: Foul Ball, location: 2F 3-2: Foul Ball, location: 2F 3-2: Foul Ball, location: 2F 3-2: Foul Ball, location: 2F 3-2: Strikes out looking
|
|
Batting: SHB Bruce Shelton
|
0-0: Ball 1-0: Called Strike 1-1: Ball 2-1: Ball 3-1: Foul Ball, location: 2F 3-2: Foul Ball, location: 2F 3-2: Strikes out looking
|
|
Batting: RHB Jonathan Feldstein
|
0-0: Ball 1-0: Called Strike 1-1: Ball 2-1: Fly out, F9 (Line Drive, 89M, EV 108.8 MPH)
|
| Bottom of the 1st over - 0 runs, 0 hits, 0 errors, 0 left on base; Brockton 0 - Niagara Falls 0 |
| TOP OF THE 2ND |
|
Brockton Rox batting - Pitching for Niagara Falls Phantoms : LHP Allen Reisinger
|
|
Batting: LHB Kenny Jackson
|
0-0: Ball 1-0: Called Strike 1-1: Foul Ball, location: 2F 1-2: Strikes out looking
|
|
Batting: SHB Mel Gonzalez
|
0-0: SINGLE (Groundball, 4, EV 100.0 MPH)
|
|
Batting: RHB Jose Blocker
|
0-0: Ball 1-0: Grounds into double play, 6-4-3 (Groundball, 6, EV 101.9 MPH)
|
| Top of the 2nd over - 0 runs, 1 hit, 0 errors, 0 left on base; Brockton 0 - Niagara Falls 0 |
| BOTTOM OF THE 2ND |
|
Niagara Falls Phantoms batting - Pitching for Brockton Rox : RHP Mitsuharu Yoshimoto
|
|
Batting: RHB Scott Cuff
|
0-0: Swinging Strike 0-1: Called Strike 0-2: Ball 1-2: Strikes out looking
|
|
Batting: RHB Bailey Hays
|
0-0: Called Strike 0-1: Ball 1-1: Ball 2-1: Fly out, F8 (Flyball, 8RM, EV 93.1 MPH)
|
|
Batting: RHB Jim O'Dwyer
|
0-0: Called Strike 0-1: Foul Ball, location: 2F 0-2: Ground out 5-3 (Groundball, 56, EV 110.6 MPH)
|
| Bottom of the 2nd over - 0 runs, 0 hits, 0 errors, 0 left on base; Brockton 0 - Niagara Falls 0 |
| TOP OF THE 3RD |
|
Brockton Rox batting - Pitching for Niagara Falls Phantoms : LHP Allen Reisinger
|
|
Batting: RHB Joe Lewis
|
0-0: Swinging Strike 0-1: Ball 1-1: Ball 2-1: Foul Ball, location: 2F 2-2: Ball 3-2: SINGLE (Line Drive, 5D, EV 98.1 MPH)
|
|
Batting: RHB Wu-sheng Zi
|
0-0: Ball 1-0: Ball 2-0: Fly out, F8 (Flyball, 78M, EV 88.1 MPH)
|
|
Batting: LHB Darby Starburster
|
0-0: SINGLE (Groundball, 34D, EV 105.6 MPH) Joe Lewis to second Runner from 2nd tries for 3rd, SAFE, throw by RF made to third
|
|
Batting: RHB Ryan Davis
|
0-0: Ball 1-0: Swinging Strike 1-1: Called Strike 1-2: Ball 2-2: Ball 3-2: Grounds into double play, U6-3 (Groundball, 4M, EV 106.2 MPH)
|
| Top of the 3rd over - 0 runs, 2 hits, 0 errors, 1 left on base; Brockton 0 - Niagara Falls 0 |
| BOTTOM OF THE 3RD |
|
Niagara Falls Phantoms batting - Pitching for Brockton Rox : RHP Mitsuharu Yoshimoto
|
|
Batting: LHB Rip Log
|
0-0: Fly out, F8 (Line Drive, 8RD, EV 86.9 MPH)
|
|
Batting: RHB Greg Oxford
|
0-0: Called Strike 0-1: Called Strike 0-2: Ball 1-2: Ball 2-2: Foul Ball, location: 2F 2-2: Foul Ball, location: 2F 2-2: Foul Ball, location: 2F 2-2: Foul Ball, location: 2F 2-2: SINGLE (Groundball, 4MD, EV 95.0 MPH)
|
|
Batting: RHB Juan Perez
|
0-0: Called Strike 0-1: Fly out, F8 (Flyball, 78M, EV 88.1 MPH)
|
|
Batting: RHB Alfredo Mendez
|
0-0: Fielders Choice at 2nd, 6-4 (Groundball, 6MD, EV 81.9 MPH)
|
| Bottom of the 3rd over - 0 runs, 1 hit, 0 errors, 1 left on base; Brockton 0 - Niagara Falls 0 |
| TOP OF THE 4TH |
|
Brockton Rox batting - Pitching for Niagara Falls Phantoms : LHP Allen Reisinger
|
|
Batting: RHB Bob Reichley
|
0-0: Ball 1-0: Foul Ball, location: 2F 1-1: Foul Ball, location: 2F 1-2: Ball 2-2: Strikes out swinging
|
|
Batting: LHB Eric Gaugler
|
0-0: Ball 1-0: Foul Ball, location: 2F 1-1: Ball 2-1: Foul Ball, location: 2F 2-2: Foul Ball, location: 2F 2-2: Ground out 4-3 (Groundball, 34, EV 98.8 MPH)
|
|
Batting: LHB Kenny Jackson
|
0-0: Ground out 6-3 (Groundball, 6M, EV 104.4 MPH)
|
| Top of the 4th over - 0 runs, 0 hits, 0 errors, 0 left on base; Brockton 0 - Niagara Falls 0 |
| BOTTOM OF THE 4TH |
|
Niagara Falls Phantoms batting - Pitching for Brockton Rox : RHP Mitsuharu Yoshimoto
|
|
Batting: SHB Bruce Shelton
|
0-0: Ball 1-0: Ball 2-0: Called Strike 2-1: Fly out, F8 (Flyball, 8LD, EV 96.2 MPH)
|
|
Batting: RHB Jonathan Feldstein
|
0-0: Ball 1-0: Ball 2-0: SINGLE (Flyball, 78S, EV 90.6 MPH)
|
|
Batting: RHB Scott Cuff
|
0-0: Ball 1-0: Swinging Strike 1-1: Ball 2-1: Called Strike 2-2: Grounds into double play, 6-4-3 (Groundball, 56D, EV 80.0 MPH)
|
| Bottom of the 4th over - 0 runs, 1 hit, 0 errors, 0 left on base; Brockton 0 - Niagara Falls 0 |
| TOP OF THE 5TH |
|
Brockton Rox batting - Pitching for Niagara Falls Phantoms : LHP Allen Reisinger
|
|
Batting: SHB Mel Gonzalez
|
0-0: Swinging Strike 0-1: Ground out U3 (Groundball, 34, EV 78.1 MPH)
|
|
Batting: RHB Jose Blocker
|
0-0: Foul Ball, location: 2F 0-1: Ground out 4-3 (Groundball, 4MS, EV 77.5 MPH)
|
|
Batting: RHB Joe Lewis
|
0-0: Ball 1-0: Ball 2-0: Called Strike 2-1: Fly out, F7 (Flyball, 7LS, EV 94.4 MPH)
|
| Top of the 5th over - 0 runs, 0 hits, 0 errors, 0 left on base; Brockton 0 - Niagara Falls 0 |
| BOTTOM OF THE 5TH |
|
Niagara Falls Phantoms batting - Pitching for Brockton Rox : RHP Mitsuharu Yoshimoto
|
|
Batting: RHB Bailey Hays
|
0-0: Swinging Strike 0-1: Ball 1-1: Foul Ball, location: 2F 1-2: Strikes out swinging
|
|
Batting: RHB Jim O'Dwyer
|
0-0: Foul Ball, location: 2F 0-1: Foul Ball, location: 2F 0-2: Ball 1-2: Ball 2-2: Ground out 5-3 (Groundball, 5, EV 87.5 MPH)
|
|
Batting: LHB Rip Log
|
0-0: Ball 1-0: Ball 2-0: Ball 3-0: Fly out, F7 (Flyball, 7, EV 90.0 MPH)
|
| Bottom of the 5th over - 0 runs, 0 hits, 0 errors, 0 left on base; Brockton 0 - Niagara Falls 0 |
| TOP OF THE 6TH |
|
Brockton Rox batting - Pitching for Niagara Falls Phantoms : LHP Allen Reisinger
|
|
Batting: RHB Wu-sheng Zi
|
0-0: Foul Ball, location: 2F 0-1: Called Strike 0-2: Ball 1-2: Strikes out swinging
|
|
Batting: LHB Darby Starburster
|
0-0: SINGLE (Line Drive, 3D, EV 96.2 MPH)
|
|
Batting: RHB Ryan Davis
|
0-0: 2-RUN HOME RUN (Flyball, 78XD, EV 101.9 MPH), Distance : 406 ft
|
|
Batting: RHB Bob Reichley
|
0-0: Ball 1-0: Swinging Strike 1-1: Foul Ball, location: 2F 1-2: Strikes out swinging
|
|
Batting: LHB Eric Gaugler
|
0-0: Called Strike 0-1: Called Strike 0-2: Strikes out looking
|
| Top of the 6th over - 2 runs, 2 hits, 0 errors, 0 left on base; Brockton 2 - Niagara Falls 0 |
| BOTTOM OF THE 6TH |
|
Niagara Falls Phantoms batting - Pitching for Brockton Rox : RHP Mitsuharu Yoshimoto
|
|
Batting: RHB Greg Oxford
|
0-0: Ball 1-0: Foul Ball, location: 2F 1-1: Foul Ball, location: 2F 1-2: Ball 2-2: Foul Ball, location: 2F 2-2: Strikes out swinging
|
|
Batting: RHB Juan Perez
|
0-0: Foul Ball, location: 2F 0-1: Fly out, F9 (Flyball, 9D, EV 84.4 MPH)
|
|
Batting: RHB Alfredo Mendez
|
0-0: Called Strike 0-1: Ball 1-1: Fly out, F8 (Flyball, 8LS, EV 88.1 MPH)
|
| Bottom of the 6th over - 0 runs, 0 hits, 0 errors, 0 left on base; Brockton 2 - Niagara Falls 0 |
| TOP OF THE 7TH |
|
Brockton Rox batting - Pitching for Niagara Falls Phantoms : LHP Allen Reisinger
|
|
Batting: LHB Kenny Jackson
|
0-0: Ball 1-0: Ball 2-0: Ball 3-0: Base on Balls
|
|
Batting: SHB Mel Gonzalez
|
0-0: Foul Ball, location: 2F 0-1: Called Strike 0-2: Strikes out swinging
|
|
Batting: RHB Jose Blocker
|
0-0: SINGLE (Line Drive, 9LS, EV 104.4 MPH) Kenny Jackson to second
|
|
Batting: RHB Joe Lewis
|
0-0: Called Strike 0-1: Called Strike 0-2: Fly out, F8 (Flyball, 8RD, EV 106.9 MPH)
|
|
Batting: RHB Wu-sheng Zi
|
0-0: Ball 1-0: Ball 2-0: Foul Ball, location: 2F 2-1: Called Strike 2-2: Ball 3-2: Strikes out swinging
|
| Top of the 7th over - 0 runs, 1 hit, 0 errors, 2 left on base; Brockton 2 - Niagara Falls 0 |
| BOTTOM OF THE 7TH |
|
Niagara Falls Phantoms batting - Pitching for Brockton Rox : RHP Mitsuharu Yoshimoto
|
|
Pitching: RHP Robby Arce
|
|
|
Batting: SHB Bruce Shelton
|
0-0: Ball 1-0: Foul Ball, location: 2F 1-1: Swinging Strike 1-2: Ball 2-2: Ball 3-2: Strikes out swinging
|
|
Batting: RHB Jonathan Feldstein
|
0-0: Ball 1-0: Swinging Strike 1-1: Fly out, F8 (Line Drive, 8LD, EV 90.6 MPH)
|
|
Batting: RHB Jose Villanueva
|
0-0: Swinging Strike 0-1: Ground out 5-3 (Groundball, 5, EV 85.6 MPH)
|
| Bottom of the 7th over - 0 runs, 0 hits, 0 errors, 0 left on base; Brockton 2 - Niagara Falls 0 |
| TOP OF THE 8TH |
|
Brockton Rox batting - Pitching for Niagara Falls Phantoms : LHP Allen Reisinger
|
|
Batting: LHB Darby Starburster
|
0-0: Fly out, F7 (Flyball, 78D, EV 100.6 MPH)
|
|
Batting: RHB Ryan Davis
|
0-0: Ball 1-0: Called Strike 1-1: Ball 2-1: Ball 3-1: Called Strike 3-2: Strikes out swinging
|
|
Batting: RHB Bob Reichley
|
0-0: Ball 1-0: Ball 2-0: Ball 3-0: Called Strike 3-1: Base on Balls
|
|
Pitching: LHP Jordan Cane
|
|
|
Batting: LHB Eric Gaugler
|
0-0: Foul Ball, location: 2F 0-1: Ball 1-1: Ball 2-1: Ball 3-1: Foul Ball, location: 2F 3-2: Strikes out swinging
|
| Top of the 8th over - 0 runs, 0 hits, 0 errors, 1 left on base; Brockton 2 - Niagara Falls 0 |
| BOTTOM OF THE 8TH |
|
Niagara Falls Phantoms batting - Pitching for Brockton Rox : RHP Robby Arce
|
|
Pinch Hitting: LHB Luis Ponce
|
0-0: Ball 1-0: SINGLE (Groundball, 4MD, EV 106.2 MPH)
|
|
Batting: RHB Jim O'Dwyer
|
0-0: Called Strike 0-1: Foul Ball, location: 2F 0-2: Ball 1-2: Ball Wild Pitch! Luis Ponce to second 2-2: Ground out 2-3 (Groundball, 13S, EV 74.4 MPH) Luis Ponce to third
|
|
Pinch Hitting: RHB Ben Underwood
|
0-0: Called Strike 0-1: Called Strike 0-2: Ball 1-2: Ball 2-2: Ball 3-2: SINGLE (Groundball, P, EV 89.4 MPH) (infield hit) Luis Ponce scores
|
|
Batting: RHB Greg Oxford
|
0-0: Called Strike 0-1: Fly out, F9 (Line Drive, 9, EV 98.1 MPH)
|
|
Pinch Hitting: RHB Todd Wolters
|
0-0: Ball 1-0: Foul Ball, location: 2F 1-1: Swinging Strike 1-2: Ball 2-2: Ball 3-2: Strikes out looking
|
| Bottom of the 8th over - 1 run, 2 hits, 0 errors, 1 left on base; Brockton 2 - Niagara Falls 1 |
| TOP OF THE 9TH |
|
Brockton Rox batting - Pitching for Niagara Falls Phantoms : LHP Jordan Cane
|
|
Now at SS: Todd Wolters
|
|
|
Now in LF: Luis Ponce
|
|
|
Now in RF: Victor Reyna
|
|
|
Batting: LHB Kenny Jackson
|
0-0: Ball 1-0: Ball 2-0: Ground out 1-3 (Groundball, 13, EV 72.5 MPH)
|
|
Batting: SHB Mel Gonzalez
|
0-0: Foul Ball, location: 2F 0-1: Ground out 6-3 (Groundball, 6, EV 85.6 MPH)
|
|
Batting: RHB Jose Blocker
|
0-0: Ball 1-0: Ball 2-0: Called Strike 2-1: Foul Ball, location: 2F 2-2: Ball 3-2: Strikes out swinging
|
| Top of the 9th over - 0 runs, 0 hits, 0 errors, 0 left on base; Brockton 2 - Niagara Falls 1 |
| BOTTOM OF THE 9TH |
|
Niagara Falls Phantoms batting - Pitching for Brockton Rox : RHP Robby Arce
|
|
Pitching: RHP Jason Metaxas
|
|
|
Batting: RHB Alfredo Mendez
|
0-0: Ground out 5-3 (Groundball, 5S, EV 84.4 MPH)
|
|
Pinch Hitting: RHB Brian Biordi
|
0-0: Called Strike 0-1: Ball 1-1: Called Strike 1-2: Foul Ball, location: 2F 1-2: Ball 2-2: Foul Ball, location: 2F 2-2: Strikes out looking
|
|
Batting: RHB Jonathan Feldstein
|
0-0: Foul Ball, location: 2F 0-1: Called Strike 0-2: Ball 1-2: Foul Ball, location: 2F 1-2: Ball 2-2: Strikes out looking
|
| Bottom of the 9th over - 0 runs, 0 hits, 0 errors, 0 left on base; Brockton 2 - Niagara Falls 1 |
|